Map: New Repugnancy LE

Players

Smeeeger - Winner!

  • Race: Zerg Zerg
  • League: Platinum
  • Spawn Location: 1:00

VOD

Have the link to the VOD?

Description

Time

  • Played on: July 21, 2019, 5:43 p.m.
  • Length: 15:32
Show
View Real Time Build Order
Export as new Build Order

Smeeeger Zerg - Winner!

Build Orders:  

Get SALT Encoding   

  12  0:02  Drone  
  13  0:23  Overlord  
  13  0:26  Drone  
  14  0:48  Drone x2  
  16  0:57  Drone  
  17  1:10  Drone  
  18  1:24  Hatchery  
  18  1:26  Drone  
  18  1:30  Extractor  
  17  1:44  Drone  
  18  1:56  Drone  
  19  2:18  Overlord  
  19  2:24  Spawning Pool  
  19  2:29  Drone  
  19  3:13  Drone  
  19  3:14  Drone  
  19  3:15  Drone x2  
  23  3:21  Drone  
  24  3:30  Queen x2  
  28  3:54  Overlord  
  28  3:55  Drone x2  
  28  3:56  Drone  
  31  4:11  Drone  
  31  4:12  Drone  
  31  4:14  Overlord  
  33  4:20  Queen x2  
  33  4:26  Overlord  
  37  4:34  Metabolic Boost  
  37  4:37  Drone x2  
  39  4:52  Drone x2  
  41  5:03  Zergling x2  
  42  5:10  Hatchery  
  41  5:32  Drone, Roach Warren  
  41  5:33  Drone x4  
  41  5:34  Evolution Chamber  
  44  5:40  Lair  
  44  5:46  Queen  
  44  5:48  Drone x2  
  48  5:59  Extractor  
  47  6:00  Drone  
  47  6:01  Drone x2, Extractor  
  49  6:25  Zergling x2  
  49  6:26  Zergling x4  
  49  6:27  Zergling x2  
  49  6:28  Zergling x4  
  55  6:41  Glial Reconstitution  
  55  6:50  Overlord x2  
  55  6:51  Overlord  
  55  6:52  Overlord  
  55  6:56  Queen  
  57  7:02  Roach x3  
  57  7:06  Overlord  
  57  7:07  Overlord x2  
  63  7:25  Roach  
  63  7:26  Roach x3  
  71  7:30  Drone x2  
  71  7:36  Extractor  
  72  7:45  Roach x2  
  72  7:46  Roach  
  78  7:55  Drone  
  78  7:56  Drone x3  
  78  7:58  Overlord x2  
  78  7:59  Roach  
  84  8:00  Roach x2  
  88  8:19  Drone x3  
  91  8:20  Drone  
  92  8:31  Zerg Missile Weapons Level 1  
  92  8:32  Roach x2  
  92  8:33  Roach  
  98  8:50  Pneumatized Carapace  
  98  8:51  Drone x3  
  98  8:52  Overlord x2  
  98  8:53  Roach  
  98  8:54  Roach  
  105  9:21  Drone x3  
  105  9:22  Drone  
  112  9:34  Roach  
  112  9:35  Roach  
  116  9:40  Drone  
  116  9:41  Drone x2  
  116  9:45  Extractor  
  116  9:46  Drone x2  
  116  9:47  Drone  
  116  9:48  Drone x3, Extractor  
  123  10:06  Roach x9  
  141  10:24  Overlord  
  141  10:25  Overlord x2  
  141  10:26  Roach x2  
  145  10:33  Hydralisk Den  
  144  11:01  Hatchery  
  144  11:06  Evolution Chamber  
  144  11:07  Roach x5  
  157  12:01  Roach x10  
  176  12:13  Overlord x3  
  176  12:27  Zerg Ground Armor Level 1  
  176  12:33  Drone  
  176  12:38  Overlord x3  
  177  12:42  Queen  
  142  13:10  Unknown  
  142  13:11  Roach x6  
  142  13:12  Hydralisk  
  142  13:13  Hydralisk x8  
  172  13:44  Hydralisk x8  
  188  14:50  Unknown  
Tags
 
Add a new tag
Caveats
  • Supply blocks, unpowered buildings, or Contaminate may cause inaccurate times.
  • Supply counts are checked every 10 seconds.